 Dungeon Crawl Stone Soup version 0.17.0-28-g6e173f8 (webtiles) character file.

91 gorblad the Skirmisher (level 4, 0/35 HPs)
             Began as a Mummy Fighter on Nov 25, 2015.
             Slain by baaltosaur's ghost (4 damage)
             ... on level 3 of the Dungeon.
             The game lasted 00:05:53 (2600 turns).

gorblad the Skirmisher (Mummy Fighter)              Turns: 2600, Time: 00:05:54

Health: 0/35       AC: 11    Str: 19    XL:     4   Next: 34%
Magic:  4/4        EV:  7    Int:  7    God:
Gold:   146        SH:  9    Dex: 12    Spells: 0 memorised, 3 levels left

rFire  x . .     SeeInvis .     l - +1 short sword (protect)
rCold  + . .     Clarity  .     b - +0 scale mail
rNeg   + + +     SustAt   .     h - +0 shield
rPois  ∞         Gourm    .     (no helmet)
rElec  .         Spirit   .     (no cloak)
rCorr  .         Warding  .     (no gloves)
rMut   .         Stasis   .     (no boots)
MR     .....                    (no amulet)
Stlth  ..........               (no ring)
                                (no ring)

@: not resistant to hostile enchantments, extremely unstealthy
A: no food or potions, fire vulnerability, cold resistance 1, negative energy
resistance 3, torment resistance, unbreathing
a: no special abilities


You were on level 3 of the Dungeon.
You were not hungry.

You visited 1 branch of the dungeon, and saw 3 of its levels.

You collected 146 gold pieces.

Inventory:

Hand Weapons
 a - a +0 long sword
 l - a +1 short sword of protection (weapon)
Armour
 b - a +0 scale mail (worn)
 c - a +0 shield
 h - a +0 shield (worn)
Wands
 m - a wand of random effects (23)
Scrolls
 d - 2 scrolls of enchant weapon {unknown}
 e - 2 scrolls of identify {unknown}
 f - 2 scrolls of remove curse {unknown}
 g - 2 scrolls of immolation {unknown}
 i - 2 scrolls of fear {unknown}
 j - a scroll of noise {unknown}
 k - a scroll of teleportation {unknown}


   Skills:
 + Level 3.2 Fighting
 + Level 2.2 Long Blades
 + Level 3.1 Armour
 + Level 1.2 Dodging
 + Level 2.8 Shields


You had 3 spell levels left.
You didn't know any spells.

Dungeon Overview and Level Annotations

Branches:
Dungeon (3/15)

Altars:
Qazlal
Xom

Annotations:
D:3 baaltosaur's ghost, amateur DrAK


Innate Abilities, Weirdness & Mutations

You do not eat or drink.
Your flesh is vulnerable to fire.
You are immune to poison.
Your flesh is cold resistant.
You are immune to negative energy.
You are immune to unholy pain and torment.
You can survive without breathing.


Message History

You closely miss baaltosaur's ghost.
Baaltosaur's ghost is moderately damaged.
You block baaltosaur's ghost's attack.
Baaltosaur's ghost makes a sound of rattling chains.
Baaltosaur's ghost hits you but does no damage.
You hit baaltosaur's ghost.
Baaltosaur's ghost is heavily damaged.
Baaltosaur's ghost hits you but does no damage.
You closely miss baaltosaur's ghost.
Baaltosaur's ghost is heavily damaged.
Baaltosaur's ghost hits you but does no damage.
You hit baaltosaur's ghost.
Baaltosaur's ghost is heavily damaged.
Baaltosaur's ghost hits you. Baaltosaur's ghost burns you.
You hit baaltosaur's ghost but do no damage.
Baaltosaur's ghost is heavily damaged.
Baaltosaur's ghost hits you!
* * * LOW HITPOINT WARNING * * *
Baaltosaur's ghost burns you.
You die...

#.......)# #.#######
####'##### #.......#
##...## #######.#
##.....## ### #.#
##..!....## ##.###.#
#.........####...##.##
+.........'.[.........
#.........####...##.##
##..W@...## ##.###.#
##.....## ### #.#
##...## #.# ##+## #.#
#)# .#


You could see baaltosaur's ghost.

Vanquished Creatures
  Robin (D:2)
  An ooze (D:2)
  2 worms (D:2)
  2 giant geckos
  An orc (D:3)
  A ball python (D:1)
  10 bats
  3 giant cockroaches
  13 goblins
  7 hobgoblins
  3 jackals (D:1)
  9 kobolds
  2 giant newts
  5 rats
60 creatures vanquished.

Notes
Turn   | Place    | Note
--------------------------------------------------------------
     0 | D:1      | gorblad the Mummy Fighter began the quest for the Orb.
     0 | D:1      | Reached XP level 1. HP: 18/18 MP: 1/1
   281 | D:1      | Reached XP level 2. HP: 24/24 MP: 2/2
   790 | D:2      | Noticed Robin
   797 | D:2      | Reached XP level 3. HP: 22/29 MP: 3/3
   816 | D:2      | Killed Robin
  1224 | D:2      | Reached skill level 1 in Dodging
  1246 | D:2      | Reached XP level 4. HP: 27/35 MP: 4/4
  1247 | D:2      | Found a stormy altar of Qazlal.
  1907 | D:3      | Noticed baaltosaur's ghost (amateur DrAK)
  1955 | D:3      | Found a shimmering altar of Xom.
  2600 | D:3      | Slain by baaltosaur's ghost

Action                   |  1- 3 |  4- 6 || total
-------------------------+-------+-------++-------
Melee: Long sword        |   180 |    40 ||   220
       Short sword       |       |   104 ||   104
